Kradschützen Motorcycle Team
Construct Light Support Kompanie
Selects Defensive Operations
Construct Mechanized Kompanie
Panzerjäger Mechanized Group
Selects L6/40 Light Tank Combat Group
Selects Registered Artillery
Marder III Tank Destroyer
254 Reconnaissance Tractor
Selects Towed Cannone da 105/28 Field Howitzer
Construct Panzerarmee Kommand
Selects Prepared Positions
Flak 36 Anti-tank Gun Team
Flak 36 Anti-tank Gun Team
Selects Obice 305mm Barrage
Flak 36 Anti-tank Gun Team